General information
- name: BNet
- type: Ladder team game (AT/RT)
- host: Battle.net
- saver: CopLover
map: Monsoon
- players: 6
- length: 16:04
- speed: Fast
- version: 1.27 W3XP
- replay type:

» download(163 KB)
Players
team 1 (winner)
CopLover (
orange | 158 APM | 2538 actions | 16:04)
2 Blademaster
1 Wind Walk
1 Critical Strike
1 Tauren Chieftain
1 Shockwave
» actions
| Assign group hotkey | 7 | |
| Basic commands | 9 | |
| Build / train | 65 | |
| Enter build submenu | 46 | |
| Enter hero's abilities submenu | 3 | |
| Give item / drop item | 2 | |
| Right click | 1872 | |
| Select / deselect | 334 | |
| Select group hotkey | 38 | |
| Use ability | 162 | |
2538 total
» units
» buildings
| Altar of Storms | 1 | |
| Orc Burrow | 5 | |
| War Mill | 1 | |
| Voodoo Lounge | 4 | |
| Watch Tower | 19 | |
| Stronghold | 3 | |
| Beastiary | 2 | |
| Great Hall | 1 | |
| Fortress | 4 | |
40 total
» build order
00:09 Altar of Storms
00:20 Orc Burrow
00:35 War Mill
01:30 Voodoo Lounge
01:51 Watch Tower
02:22 Watch Tower
02:43 Watch Tower
03:01 Watch Tower
03:34 Watch Tower
03:54 Watch Tower
04:02 Watch Tower
04:27 Watch Tower
05:15 Stronghold
05:15 Stronghold
05:28 Watch Tower
05:33 Orc Burrow
05:34 Orc Burrow
05:43 Watch Tower
06:05 Watch Tower
06:27 Voodoo Lounge
06:30 Voodoo Lounge
06:59 Watch Tower
07:01 Watch Tower
07:13 Watch Tower
07:40 Beastiary
07:48 Beastiary
08:18 Watch Tower
08:42 Orc Burrow
09:22 Watch Tower
10:18 Voodoo Lounge
10:39 Great Hall
12:06 Fortress
12:06 Fortress
12:06 Fortress
12:25 Watch Tower
12:42 Watch Tower
12:43 Watch Tower
13:33 Orc Burrow
» items
| Healing Salve | 5 | |
| Lesser Clarity Potion | 13 | |
| Boots of Speed | 2 | |
| Staff of Teleportation | 2 | |
| Staff of Sanctuary | 1 | |
| Orb of Lightning | 2 | |
| Potion of Mana | 2 | |
| Potion of Healing | 1 | |
28 total
iggy_the_fisk (
green | 142 APM | 2276 actions | 16:04)
3 Archmage
2 Blizzard
1 Brilliance Aura
1 Blood Mage
1 Flame Strike
1 Mountain King
1 Storm Bolt
» actions
| Assign group hotkey | 291 | |
| Basic commands | 14 | |
| Build / train | 83 | |
| Enter build submenu | 72 | |
| Enter hero's abilities submenu | 5 | |
| Give item / drop item | 2 | |
| Right click | 986 | |
| Select / deselect | 268 | |
| Select group hotkey | 415 | |
| Use ability | 140 | |
2276 total
» units
» upgrades
| Masonry | 3 | |
| Lumber Harvesting | 2 | |
| Magic Sentry | 1 | |
6 total
» buildings
| Altar of Kings | 1 | |
| Farm | 3 | |
| Lumber Mill | 1 | |
| Scout Tower | 69 | |
| Arcane Tower | 8 | |
| Guard Tower | 25 | |
| Arcane Vault | 2 | |
| Keep | 1 | |
| Town Hall | 2 | |
| Castle | 1 | |
| Arcane Sanctum | 1 | |
114 total
» build order
00:04 Altar of Kings
00:18 Farm
00:37 Lumber Mill
00:54 Farm
01:01 Scout Tower
01:24 Scout Tower
01:27 Arcane Tower
01:58 Scout Tower
02:00 Scout Tower
02:02 Scout Tower
02:07 Guard Tower
02:09 Scout Tower
02:09 Scout Tower
02:21 Scout Tower
02:53 Guard Tower
02:54 Scout Tower
02:55 Scout Tower
02:57 Scout Tower
03:07 Arcane Tower
03:07 Guard Tower
03:09 Scout Tower
03:10 Scout Tower
03:16 Scout Tower
03:55 Guard Tower
03:58 Scout Tower
04:09 Scout Tower
04:14 Guard Tower
04:18 Guard Tower
04:50 Arcane Vault
04:53 Arcane Tower
04:54 Keep
05:07 Scout Tower
05:09 Scout Tower
05:34 Scout Tower
05:37 Scout Tower
05:38 Scout Tower
05:47 Arcane Tower
05:51 Scout Tower
06:14 Guard Tower
06:17 Scout Tower
06:18 Scout Tower
06:28 Guard Tower
06:38 Scout Tower
06:39 Scout Tower
07:14 Town Hall
07:24 Guard Tower
07:31 Farm
07:39 Guard Tower
07:40 Scout Tower
07:41 Scout Tower
07:42 Scout Tower
07:43 Scout Tower
07:44 Scout Tower
07:48 Arcane Tower
07:55 Scout Tower
07:55 Scout Tower
07:56 Scout Tower
08:05 Scout Tower
08:06 Scout Tower
08:25 Scout Tower
08:26 Scout Tower
08:47 Castle
08:54 Arcane Sanctum
09:01 Guard Tower
09:24 Guard Tower
09:27 Scout Tower
09:28 Scout Tower
09:37 Guard Tower
09:39 Scout Tower
09:45 Arcane Tower
09:46 Scout Tower
09:47 Scout Tower
10:24 Guard Tower
10:25 Scout Tower
10:26 Scout Tower
10:33 Arcane Tower
10:34 Guard Tower
10:37 Scout Tower
10:38 Scout Tower
11:00 Scout Tower
11:02 Scout Tower
11:02 Scout Tower
11:25 Arcane Vault
11:43 Guard Tower
11:56 Guard Tower
11:57 Guard Tower
12:13 Scout Tower
12:14 Scout Tower
12:30 Scout Tower
12:30 Scout Tower
12:31 Scout Tower
12:32 Scout Tower
12:34 Scout Tower
12:35 Scout Tower
12:54 Guard Tower
13:04 Scout Tower
13:05 Scout Tower
13:23 Scout Tower
13:23 Scout Tower
13:24 Scout Tower
13:24 Scout Tower
13:40 Guard Tower
13:55 Guard Tower
14:12 Guard Tower
14:22 Town Hall
14:26 Scout Tower
14:27 Scout Tower
14:30 Arcane Tower
14:30 Guard Tower
14:51 Scout Tower
14:52 Scout Tower
15:40 Guard Tower
15:42 Scout Tower
15:44 Guard Tower
» items
| Scroll of Regeneration | 2 | |
| Healing Salve | 1 | |
| Boots of Speed | 2 | |
| Lesser Clarity Potion | 1 | |
| Staff of Teleportation | 3 | |
| Periapt of Vitality | 1 | |
| Circlet of Nobility | 1 | |
11 total
The_Business (
pink | 96 APM | 1546 actions | 16:04)
2 Keeper of the Grove
1 Entangling Roots
1 Force of Nature
1 Naga Sea Witch
1 Frost Arrows
» actions
| Assign group hotkey | 3 | |
| Basic commands | 243 | |
| Build / train | 40 | |
| Enter build submenu | 9 | |
| Enter hero's abilities submenu | 3 | |
| Give item / drop item | 1 | |
| Right click | 767 | |
| Select / deselect | 237 | |
| Select group hotkey | 204 | |
| Use ability | 38 | |
1546 total
» units
» upgrades
» buildings
| Altar of Elders | 1 | |
| Moon Well | 3 | |
| Tree of Life | 1 | |
| Tree of Ages | 1 | |
| Ancient of Wonders | 1 | |
| Hunter's Hall | 1 | |
| Tree of Eternity | 1 | |
| Ancient of Wind | 1 | |
10 total
» build order
00:05 Altar of Elders
00:19 Moon Well
01:37 Moon Well
02:33 Moon Well
05:11 Tree of Life
05:35 Tree of Ages
10:00 Ancient of Wonders
10:16 Hunter's Hall
13:33 Tree of Eternity
14:02 Ancient of Wind
» items
| Boots of Speed | 1 | |
| Staff of Teleportation | 2 | |
| Circlet of Nobility | 1 | |
| Scroll of Regeneration | 1 | |
5 total
team 2 (loser)

»
Denzol2 (
red | 184 APM | 2939 actions | 15:56)
3 Blademaster
1 Wind Walk
2 Critical Strike
» actions
| Assign group hotkey | 33 | |
| Basic commands | 45 | |
| Build / train | 51 | |
| Enter build submenu | 13 | |
| Enter hero's abilities submenu | 3 | |
| Give item / drop item | 2 | |
| Remove unit from queue | 1 | |
| Right click | 1090 | |
| Select / deselect | 226 | |
| Select group hotkey | 1415 | |
| Use ability | 59 | |
2939 total
» units
» upgrades
» buildings
| Altar of Storms | 1 | |
| Orc Burrow | 6 | |
| Voodoo Lounge | 2 | |
| Barracks | 3 | |
| Stronghold | 2 | |
| War Mill | 1 | |
| Fortress | 3 | |
18 total
» build order
00:05 Altar of Storms
00:19 Orc Burrow
00:50 Voodoo Lounge
01:38 Barracks
01:49 Orc Burrow
03:08 Stronghold
03:08 Stronghold
04:14 War Mill
04:58 Barracks
05:00 Barracks
05:21 Orc Burrow
05:29 Fortress
05:30 Fortress
05:30 Fortress
06:49 Orc Burrow
07:30 Orc Burrow
09:40 Orc Burrow
12:00 Voodoo Lounge
» items
| Healing Salve | 2 | |
| Lesser Clarity Potion | 3 | |
| Scroll of Speed | 1 | |
| Dust of Appearance | 2 | |
| Orb of Lightning | 1 | |
| Potion of Healing | 1 | |
| Potion of Lesser Invulnerability | 1 | |
11 total

»
i_love_you (
purple | 140 APM | 2246 actions | 16:00)
3 Blademaster
2 Wind Walk
1 Critical Strike
1 Shadow Hunter
1 Healing Wave
» actions
| Assign group hotkey | 127 | |
| Basic commands | 113 | |
| Build / train | 60 | |
| ESC pressed | 7 | |
| Enter build submenu | 26 | |
| Enter hero's abilities submenu | 4 | |
| Give item / drop item | 1 | |
| Right click | 1150 | |
| Select / deselect | 287 | |
| Select group hotkey | 392 | |
| Use ability | 79 | |
2246 total
» units
» upgrades
| Berserker Strength | 1 | |
| Armor | 1 | |
| Ensnare | 1 | |
3 total
» buildings
| Altar of Storms | 1 | |
| Orc Burrow | 4 | |
| Barracks | 1 | |
| Voodoo Lounge | 8 | |
| Stronghold | 2 | |
| War Mill | 1 | |
| Fortress | 2 | |
| Beastiary | 1 | |
| Spirit Lodge | 1 | |
| Great Hall | 1 | |
22 total
» build order
00:02 Altar of Storms
00:11 Orc Burrow
00:41 Barracks
01:24 Orc Burrow
01:58 Voodoo Lounge
02:34 Voodoo Lounge
03:01 Voodoo Lounge
03:05 Voodoo Lounge
03:11 Voodoo Lounge
03:12 Voodoo Lounge
03:14 Voodoo Lounge
03:52 Stronghold
03:52 Stronghold
04:29 Voodoo Lounge
04:32 Orc Burrow
05:28 War Mill
06:17 Fortress
07:04 Fortress
08:54 Orc Burrow
09:29 Beastiary
09:32 Spirit Lodge
12:16 Great Hall
» items
| Dust of Appearance | 3 | |
| Healing Salve | 4 | |
| Scroll of Speed | 3 | |
| Potion of Healing | 2 | |
| Potion of Mana | 1 | |
| Lesser Clarity Potion | 1 | |
| Orb of Lightning | 1 | |
15 total

»
ppcka (
yellow | 89 APM | 1434 actions | 16:03)
2 Demon Hunter
1 Evasion
1 Mana Burn
» actions
| Assign group hotkey | 6 | |
| Basic commands | 50 | |
| Build / train | 64 | |
| ESC pressed | 2 | |
| Enter build submenu | 22 | |
| Enter hero's abilities submenu | 3 | |
| Remove unit from queue | 4 | |
| Right click | 1033 | |
| Select / deselect | 205 | |
| Select group hotkey | 11 | |
| Use ability | 34 | |
1434 total
» units
» upgrades
| Strength of the Moon | 2 | |
| Moon Armor | 1 | |
| Ultravision | 1 | |
| Improved Bows | 1 | |
5 total
» buildings
| Ancient of War | 2 | |
| Altar of Elders | 1 | |
| Hunter's Hall | 1 | |
| Moon Well | 7 | |
| Ancient of Wonders | 1 | |
| Tree of Life | 1 | |
| Ancient Protector | 6 | |
| Tree of Ages | 1 | |
| Ancient of Lore | 2 | |
| Ancient of Wind | 1 | |
23 total
» build order
00:29 Ancient of War
00:32 Altar of Elders
00:34 Ancient of War
01:25 Hunter's Hall
01:51 Moon Well
01:52 Moon Well
03:06 Ancient of Wonders
03:48 Moon Well
06:46 Tree of Life
08:18 Ancient Protector
08:29 Tree of Ages
09:34 Ancient Protector
11:52 Ancient Protector
11:53 Ancient Protector
12:35 Ancient Protector
12:36 Ancient Protector
13:29 Ancient of Lore
13:33 Ancient of Wind
13:46 Moon Well
13:46 Moon Well
14:22 Moon Well
14:23 Moon Well
15:22 Ancient of Lore
» items
| Circlet of Nobility | 1 | |
| Staff of Teleportation | 1 | |
2 total
Chat log
(07:00 / Allies) The_Business: can buy some mercs
(07:03 / Allies) The_Business: do reds
(07:08 / Allies) The_Business: crown of kings
(07:46 / Allies) The_Business: archers
(15:59 / All) iggy_the_fisk: bye noobs
(16:01 / All) CopLover: bye again